 Dungeon Crawl Stone Soup version 0.30-a0-782-ge64f9170bb (webtiles) character file.

Game seed: 8823997157024639169

1061 Barriton the Firebug (level 8, -4/59 HPs)
             Began as a Red Draconian Fire Elementalist on Mar 7, 2023.
             Slain by Notanamesir's ghost (8 damage)
             ... on level 4 of the Dungeon.
             The game lasted 00:12:42 (5649 turns).

Barriton the Firebug (DrFE)                         Turns: 5649, Time: 00:12:42

Health: -4/59      AC:  9    Str: 11    XL:     8   Next: 6%
Magic:  1/15       EV: 13    Int: 17    God:
Gold:   189        SH:  0    Dex: 12    Spells: 10/17 levels left

rFire   + . .      SeeInvis .    a - staff of conjuration
rCold   + . .      Faith    .    (no shield)
rNeg    . . .      Spirit   .    (body armour unavailable)
rPois   .          Reflect  .    (helmet restricted)
rElec   .          Harm     .    o - +1 cloak
rCorr   .          Rampage  .    j - +0 pair of gloves
Will    .....                    (no boots)
Stlth   ++                       (no amulet)
HPRegen 0.29/turn                c - ring of protection from cold
MPRegen 0.14/turn                f - ring of wizardry

@: very slightly contaminated
A: breathe fire, AC +6, unfitting armour, fire resistance 1, cold-blooded
a: Breathe Fire


You were on level 4 of the Dungeon.
You visited 2 branches of the dungeon, and saw 6 of its levels.

You collected 189 gold pieces.

Inventory:

Armour
 j - a +0 pair of gloves (worn)
 o - a +1 cloak (worn)
Magical Staves
 a - a staff of conjuration (weapon)
Jewellery
 c - a ring of protection from cold (left hand)
 f - a ring of wizardry (right hand)
Wands
 l - a wand of polymorph (7)
 p - a wand of charming (3)
 r - a wand of acid (7)
Potions
 d - a potion of brilliance
 e - a potion of berserk rage {unknown}
 h - 3 potions of curing
 i - a potion of degeneration {unknown}
 k - a potion of heal wounds {unknown}
 m - a potion of flight {unknown}


   Skills:
 + Level 1.0 Fighting
 + Level 2.3 Staves
 + Level 3.4 Dodging
 + Level 2.3 Stealth
 + Level 1.1 Unarmed Combat
 + Level 5.2 Spellcasting
 + Level 2.7 Conjurations
 + Level 7.2 Fire Magic


You had 10 spell levels left.
You knew the following spells:

 Your Spells              Type           Power      Damage    Failure   Level
a - Foxfire               Conj/Fire      100%       2x1d9     1%          1
b - Scorch                Fire           58%        2d8       1%          2
c - Flame Wave            Conj/Fire      32%        2d9       8%          4

Your spell library contained the following spells:

 Spells                   Type           Power      Damage    Failure   Level
 Inner Flame              Hex/Fire       16%        N/A       4%          3
 Kindle Blastsparks       Fire/Tloc/Air  24%        2d12      6%          3


Dungeon Overview and Level Annotations

Branches:
Dungeon (5/15)             Temple (1/1) D:4

Altars:
Cheibriados
Dithmenos
Fedhas
Hepliaklqana
Kikubaaqudgha
Makhleb
Nemelex Xobeh
Okawaru
Qazlal
Ru
Sif Muna
Trog
Vehumet
Wu Jian
Yredelemnul

Shops:
D:4 [

Annotations:
D:4 Notanamesir's ghost, novice HuHu


Innate Abilities, Weirdness & Mutations

You can breathe blasts of fire.
Your fiery red scales are hard. (AC +6)
You cannot fit into any form of body armour.
Your flesh is heat resistant. (rF+)
You are cold-blooded and may be slowed by cold attacks.


Message History

Notanamesir's ghost attacks as you move away!
Notanamesir's ghost barely misses you.
Okay, then.
Casting: Scorch (safe; 1% risk of failure)
Confirm with . or Enter, or press ? or * to list all spells.
Casting: Flame Wave (dangerous; 8% risk of failure)
Press: ? - help, Dir - look around, f - activate You feel a surge of power!
A wave of flame ripples out!
The flame wave engulfs Notanamesir's ghost.
Notanamesir's ghost resists.
Notanamesir's ghost is lightly damaged. (Press . to intensify the flame waves.) Notanamesir's ghost misses you.
Casting: Flame Wave (dangerous; 8% risk of failure)
Confirm with . or Enter, or press ? or * to list all spells.
Restarting spell: Flame Wave (dangerous; 8% risk of failure)
Press: ? - help, Dir - look around, f - activate You feel a surge of power!
You miscast Flame Wave.
You are very lightly contaminated with residual magic.
Nothing appears to happen.
Notanamesir's ghost hits you.
* * * LOW HITPOINT WARNING * * *
Casting: Flame Wave (dangerous; 8% risk of failure)
Confirm with . or Enter, or press ? or * to list all spells.
You don't have enough magic to cast this spell.
Unknown command.
Casting: Flame Wave (dangerous; 8% risk of failure)
Confirm with . or Enter, or press ? or * to list all spells.
You feel a surge of power!
You conjure some foxfire!
Notanamesir's ghost barely misses you.
You barely miss Notanamesir's ghost.
Notanamesir's ghost is lightly damaged.
The foxfire hits Notanamesir's ghost but does no damage.
Notanamesir's ghost is lightly damaged.
The foxfire hits Notanamesir's ghost but does no damage.
Notanamesir's ghost is lightly damaged.
Notanamesir's ghost barely misses you.
You hit Notanamesir's ghost but do no damage.
Notanamesir's ghost is lightly damaged.
Notanamesir's ghost hits you!
You die...

#######..#.###.#####............#
......##.#......# ##############
......##...###..#
......)[........###
......####........#
......#######...#.########
.........................#
.......#######..§.######.#
.......# #..@## #.# ..####.#
#..W# #.# ..# #.# #...# #.# ###
#.# #...# #.# ######.# #...# #.#
.....#.# #...# #.# (....#.# #...#
#.# .....#.# #...#######.#
†......#######...........#


You could see Notanamesir's ghost.

Vanquished Creatures
  Eustachio (D:4)
  Menkaure (D:4)
  An ogre (D:5)
  A necrophage (D:4)
  A scorpion (D:4)
  A howler monkey (D:5)
  An orc priest (D:5)
  A hound (D:5)
  Crazy Yiuf (D:2)
  Ijyb (D:4)
  3 iguanas (D:4)
  Natasha (twice) (D:2)
  3 orc wizards
  2 hound zombies (D:5)
  Robin (D:4)
  5 adders
  3 gnolls (D:2)
  An ufetubus (D:5)
  A worm (D:5)
  2 dart slugs
  14 orcs
  5 ball pythons
  10 endoplasms
  15 goblins
  12 hobgoblins
  4 jackals (D:1)
  3 quokkas
  6 bats
  6 frilled lizards
  3 kobolds
  6 rats
117 creatures vanquished.

Vanquished Creatures (others)
  196 foxfires
196 creatures vanquished.

Grand Total: 313 creatures vanquished

Notes
Turn   | Place    | Note
-------+----------+-------------------------------------------
     0 | D:1      | Barriton the Draconian Fire Elementalist began the quest
                  | for the Orb.
     0 | D:1      | Reached XP level 1. HP: 14/14 MP: 3/3
   271 | D:1      | Reached XP level 2. HP: 20/20 MP: 3/5
   606 | D:1      | You fall into a shaft and drop 1 floor!
   751 | D:2      | Reached XP level 3. HP: 22/26 MP: 0/6
   754 | D:2      | Learned a level 2 spell: Scorch
  1516 | D:2      | Reached XP level 4. HP: 33/33 MP: 3/7
  1694 | D:2      | Noticed Natasha
  1700 | D:2      | Killed Natasha
  1701 | D:2      | Reached skill level 1 in Unarmed Combat
  1701 | D:2      | Reached skill level 4 in Fire Magic
  1775 | D:2      | Found a runed translucent door.
  1776 | D:2      | Noticed Crazy Yiuf
  1817 | D:2      | Noticed Natasha
  1819 | D:2      | Killed Natasha
  1820 | D:2      | Reached XP level 5. HP: 38/38 MP: 4/9
  2028 | D:2      | Killed Crazy Yiuf
  2189 | D:3      | Found a shadowy altar of Dithmenos.
  2189 | D:3      | Found a faded altar of an unknown god.
  2277 | D:3      | Found a stormy altar of Qazlal.
  2283 | D:3      | Found an ornate altar of the Wu Jian Council.
  2285 | D:3      | Found a faded altar of an unknown god.
  3132 | D:4      | Reached XP level 6. HP: 45/45 MP: 2/11
  3204 | D:4      | Noticed Eustachio
  3341 | D:4      | Killed Eustachio
  3342 | D:4      | Reached skill level 1 in Staves
  3523 | D:4      | Reached skill level 5 in Fire Magic
  3636 | D:4      | Noticed Ijyb
  3644 | D:4      | Killed Ijyb
  3645 | D:4      | Your scales start taking on a fiery red colour.
  3645 | D:4      | Reached skill level 6 in Fire Magic
  3645 | D:4      | Reached XP level 7. HP: 45/51 MP: 5/13
  3645 | D:4      | Gained mutation: Your flesh is heat resistant. (rF+) [Red
                  | Draconian growth]
  3769 | D:4      | Learned a level 4 spell: Flame Wave
  3811 | D:4      | Noticed Menkaure
  3817 | D:4      | Killed Menkaure
  3899 | D:4      | Noticed Robin
  3917 | D:4      | Killed Robin
  4051 | D:4      | Found a staircase to the Ecumenical Temple.
  4070 | Temple   | Entered the Ecumenical Temple
  4296 | D:4      | Found a bloodstained altar of Trog.
  4704 | D:4      | Identified the +10 short sword "Jada" {antimagic, Int+3}
  4774 | D:4      | Found Kycraoq's Armour Emporium.
  4785 | D:5      | Entered Level 5 of the Dungeon
  4825 | D:5      | Reached skill level 7 in Fire Magic
  5123 | D:5      | Reached skill level 1 in Fighting
  5123 | D:5      | Reached skill level 5 in Spellcasting
  5123 | D:5      | Reached XP level 8. HP: 59/59 MP: 7/15
  5204 | D:5      | Found a sparkling altar of Nemelex Xobeh.
  5245 | D:5      | Found a runed translucent gate.
  5245 | D:5      | Found a runed translucent gate.
  5245 | D:5      | Found a runed translucent gate.
  5245 | D:5      | Noticed Notanamesir's ghost (novice HuHu)
  5247 | D:5      | Found a basalt altar of Yredelemnul.
  5381 | D:5      | Identified a scroll of acquirement
  5381 | D:5      | Acquired a staff of conjuration
  5649 | D:4      | Slain by Notanamesir's ghost

Illustrated notes

Levels and vault maps discovered:
D:1:      minmay_arrival_diagonal_passages, layout_basic, corner_web_ring
D:2:      layout_loops_ring, minmay_misc_feat_five, uniq_natasha,
          uniq_crazy_yiuf_cottage
D:3:      layout_loops_ring, chequers_temple_overflow_minitemple
D:4:      layout_basic, kennysheep_mini, minmay_temple_entry_glassed_door,
          nicolae_stop_n_shop_2, st_stairs_8, uniq_menkaure, uniq_ijyb,
          uniq_robin, uniq_eustachio
D:5:      layout_rooms, nicolae_yredelemnul_ghost_church,
          nemelex_dance_club_becter, cheibrodos_sewer_entry_bend,
          hangedman_decor_lopped, uniq_duvessa
Temple:   hellmonk_temple_flake

Skill      XL: |  1  2  3  4  5  6  7 |
---------------+----------------------+-----
Dodging        | 2 3 |  3.4
Stealth        | 2 |  2.3
Conjurations   | 2 |  2.7
Unarmed Combat | 1 |  1.1
Fire Magic     | 4 6 7 |  7.2
Spellcasting   | 3 4 5 |  5.2
Staves         | 1 2 |  2.3
Fighting       | 1 |  1.0

Action                     |  1- 3 |  4- 6 |  7- 9 || total
---------------------------+-------+-------+-------++-------
  Melee: Unarmed           |    72 |     9 |       ||    81
         Tailslap          |     6 |    13 |    17 ||    36
         Quarterstaff      |       |    12 |       ||    12
         Staff             |       |    80 |   100 ||   180
         Punch             |       |     1 |     2 ||     3
   Cast: Foxfire           |    63 |    42 |    28 ||   133
         Scorch            |     4 |    37 |    56 ||    97
         Flame Wave        |       |       |     2 ||     2
Ability: Breathe Fire      |       |       |     1 ||     1
    Use: Scroll            |       |     3 |     5 ||     8
         Potion            |       |       |     2 ||     2
 Armour: Skin              |    20 |    49 |    66 ||   135
  Dodge: Dodged            |    66 |   139 |    97 ||   302

Table legend: (Time is in decaauts)
 A = Elapsed time spent in this place.
 B = Non-inter-level travel time spent in this place.
 C = Inter-level travel time spent in this place.
 D = Time resting spent in this place.
 E = Time spent auto-exploring this place.
 F = Levels seen in this place.
 G = Mean time per level.
                   A        B        C        D        E       F      G
               +--------+--------+--------+--------+--------+-----+--------+
         Total |   5657 |   5498 |    159 |      0 |   4394 |   6 |  942.8 |
       Dungeon |   5536 |   5389 |    147 |      0 |   4297 |   5 | 1107.2 |
        Temple |    120 |    108 |     12 |      0 |     97 |   1 |  120.0 |
               +--------+--------+--------+--------+--------+-----+--------+

Top non-repeatable levels by time:
     D:4: 1763 daAuts
     D:2: 1114 daAuts
     D:1: 1006 daAuts
     D:3: 996 daAuts
     D:5: 655 daAuts
  Temple: 120 daAuts
